 Dungeon Crawl Stone Soup version 0.18.1-8-gdd0e5ea (webtiles) character file.

23 epen the Insei (level 2, 0/21 HPs)
             Began as a Demonspawn Transmuter on May 21, 2016.
             Slain by a gnoll
             ... wielding a +1 vampiric spear
              (5 damage)
             ... on level 1 of the Dungeon.
             The game lasted 00:01:56 (1380 turns).

epen the Insei (Demonspawn Transmuter)              Turns: 1380, Time: 00:01:57

Health: 0/21       AC:  7    Str: 10    XL:     2   Next: 72%
Magic:  5/5        EV: 12    Int: 14    God:
Gold:   34         SH:  0    Dex: 13    Spells: 1 memorised, 4 levels left

rFire  . . .     SeeInvis .       - Unarmed
rCold  . . .     Gourm    .     b - +0 robe
rNeg   . . .     Faith    .     (no shield)
rPois  .         Spirit   .     (no helmet)
rElec  .         Dismiss  .     (no cloak)
rCorr  .         Reflect  .     (no gloves)
SustAt .         Harm     .     j - +0 pair of boots
MR     .....                    (no amulet)
Stlth  +.........               (no ring)
                                (no ring)

@: very slightly contaminated, invisible (expiring), not resistant to hostile
enchantments, very unstealthy
A: iridescent scales 1
a: no special abilities


You were on level 1 of the Dungeon.
You were hungry.

You visited 1 branch of the dungeon, and saw 1 of its levels.

You collected 34 gold pieces.

Inventory:

Missiles
 a - 12 arrows
Armour
 b - a +0 robe (worn)
 j - a +0 pair of boots (worn)
Jewellery
 g - an uncursed ring of sustain attributes {unknown}
Scrolls
 e - 2 scrolls of teleportation {unknown}
 h - a scroll of fear {unknown}
 i - a scroll of recharging {unknown}
Books
 c - a book of Changes

   Spells                             Type                      Level
   a - Beastly Appendage              Transmutation                1
   b - Sticks to Snakes               Transmutation                2
   c - Spider Form                    Transmutation/Poison         3
   d - Ice Form                       Ice/Transmutation            4
   e - Blade Hands                    Transmutation                5
Comestibles
 d - a bread ration
 k - a royal jelly
 l - 2 chunks of flesh


   Skills:
 + Level 1.3 Fighting
 + Level 1.9 Dodging
 * Level 3.1 Unarmed Combat
 + Level 2.2 Spellcasting
 * Level 2.1 Transmutations


You had 4 spell levels left.
You knew the following spells:

 Your Spells              Type           Power        Failure   Level  Hunger
a - Beastly Appendage     Trmt           #.....       12%         1    #......


Dungeon Overview and Level Annotations

Branches:
Dungeon (1/15)

Altars:
Yredelemnul


Innate Abilities, Weirdness & Mutations

You are partially covered in iridescent scales (AC +4).


Message History

The bat hits you.
* * * LOW HITPOINT WARNING * * *
The bat barely misses you. The bat barely misses you.
Drink which item? (? for menu, Esc to quit)
It was a potion of invisibility.
You fade into invisibility!
The bat closely misses you.
You are very lightly contaminated with residual magic.
The bat barely misses you. x2
You hit the bat.
You kill the bat!
There is an open door here.
The gnoll barely misses you.
You are feeling hungry.
You see here 20 sling bullets.
You see here a whip.
You flicker for a moment.
The gnoll hits you from afar with a vampiric spear.
You die...

.#.#### #...)......#
......# #.##########
......# #.#
......#####.#.#
............#.#
......#######.#
......'.......#
......#################
......# #..g.@.....#
......# #g########.#
......# #.# #.# #######
#.# #.# ########g####
#.# #.......)...# #.#
#.######(##.# #.#
#.#.....).#.# #.#
#.#.###...#.# #.#


You could see a gnoll and a goblin.

Vanquished Creatures
  A giant gecko (D:1)
  4 goblins (D:1)
  3 hobgoblins (D:1)
  3 jackals (D:1)
  A ball python (D:1)
  3 bats (D:1)
  2 giant newts (D:1)
  A kobold (D:1)
  3 rats (D:1)
21 creatures vanquished.

Notes
Turn   | Place    | Note
--------------------------------------------------------------
     0 | D:1      | epen the Demonspawn Transmuter began the quest for the Orb.
     0 | D:1      | Reached XP level 1. HP: 15/15 MP: 3/3
   592 | D:1      | Gained mutation: You are partially covered in iridescent scales (AC +4). [demonic ancestry]
   592 | D:1      | Reached XP level 2. HP: 4/21 MP: 5/5
   860 | D:1      | Found a basalt altar of Yredelemnul.
  1193 | D:1      | Reached skill level 3 in Unarmed Combat
  1380 | D:1      | Slain by a gnoll

Skill      XL: |  1  2 |
---------------+-------+-----
Transmutations | 2 |  2.1
Unarmed Combat | 3 |  3.1
Fighting       | |  1.3
Dodging        | |  1.9
Spellcasting   | |  2.2

Action                   || total
-------------------------++-------
Melee: Unarmed           ||    94
       Punch             ||     1
  Use: Potion            ||     1
 Stab: Sleeping          ||     2
  Eat: Chunk             ||     1
Armor: Robe              ||    36
Dodge: Dodged            ||    77
